 Dungeon Crawl Stone Soup version 0.32-a0-172-gc5dd13f2a7 (webtiles) character file.

Game seed: 7086887838258577658

164217 Newt the Warrior (level 17, -8/135 HPs)
             Began as a Demonspawn Gladiator on Feb 12, 2024.
             Was the Champion of Hepliaklqana.
             Mangled by a merfolk
             ... wielding a +0 trident
              (12 damage)
             ... on level 4 of the Shoals.
             The game lasted 00:51:52 (24724 turns).

Newt the Warrior (Demonspawn Gladiator)            Turns: 24724, Time: 00:51:52

Health: -8/135     AC: 26    Str: 19    XL:     17   Next: 25%
Magic:  23/23      EV: 19    Int: 12    God:    Hepliaklqana [******]
Gold:   3055       SH: 18    Dex: 22    Spells: 16/16 levels left

rFire   . . .        U - +5 long sword (freeze)
rCold   + + .        l - +3 buckler
rNeg    . . .        J - +1 robe of Vines {NoPotionHeal Regen++++}
rPois   .            t - +2 helmet {SInv}
rElec   .            h - +0 cloak
rCorr   .            K - +0 pair of gloves
SInv    +            E - +0 pair of boots
Will    +....        c - amulet of reflection
Stlth   +++          P - ring of protection from cold
HPRegen 3.62/turn    k - ring of Keboj {rC+ Str+2 Int+2 Dex+3 Stlth+}
MPRegen 0.18/turn

%: reflection
@: about to teleport, sanguine armoured, very slow
A: reduced essence, hooves 2, foul stench 1, icemail 1, sanguine armour 3,
condensation shield
a: Renounce Religion, Recall Ancestor, Ancestor Identity, Transference, Idealise


You were on level 4 of the Shoals.
You worshipped Hepliaklqana.
Hepliaklqana was exalted by your worship.
You visited 4 branches of the dungeon, and saw 25 of its levels.
You also visited: Ice Cave.

You collected 3276 gold pieces.
You spent 221 gold pieces at shops.

Inventory:

Hand Weapons
 o - a +4 dagger
 U - a +5 long sword of freezing (weapon)
Missiles
 a - a javelin
 d - 5 throwing nets
 v - a silver javelin
 L - 29 boomerangs (quivered)
 M - 26 poisoned darts
Armour
 h - a +0 cloak (worn)
 l - a +3 buckler (worn)
 t - a +2 helmet of see invisible (worn)
 A - a +2 hat
 E - a +0 pair of boots (worn)
 H - +0 fire dragon scales
 J - the +1 robe of Vines (worn) {NoPotionHeal Regen++++}
   (You found it on level 5 of the Lair of Beasts)

   NoPotionHeal: Its wearer cannot be healed by potions.
   Regen++++: It increases your rate of health regeneration.
 K - a +0 pair of gloves (worn)
 Q - the +1 leather armour "Zaym" {rF+}
   (You found it on level 7 of the Dungeon)

   rF+:       It protects you from fire.
 S - the +3 leather armour of Resourcefulness {Rampage rC- Int+3 Dex+5}
   (You found it on level 9 of the Dungeon)

   Int+3:     It affects your intelligence (+3).
   Dex+5:     It affects your dexterity (+5).
   rC-:       It makes you vulnerable to cold.
   Rampage:   It bestows one free step when moving towards enemies.
Jewellery
 c - an amulet of reflection (around neck)
 i - a +4 ring of protection
 k - the ring of Keboj (right hand) {rC+ Str+2 Int+2 Dex+3 Stlth+}
   (You found it in an ice cave)

   [ring of protection from cold]

   Str+2:     It affects your strength (+2).
   Int+2:     It affects your intelligence (+2).
   Dex+3:     It affects your dexterity (+3).
   rC+:       It protects you from cold.
   Stlth+:    It makes you more stealthy.
 z - a ring of see invisible
 O - a ring of protection from cold
 P - a ring of protection from cold (left hand)
 T - an amulet of regeneration
 V - a ring of resist corrosion
Wands
 e - a wand of light (7)
 s - a wand of flame (39)
 y - a wand of paralysis (9)
 B - a wand of iceblast (15)
 Y - a wand of digging (7)
 Z - a wand of polymorph (5)
Scrolls
 b - 2 scrolls of enchant armour
 f - 8 scrolls of poison
 g - 6 scrolls of vulnerability
 n - 5 scrolls of fog
 r - a scroll of enchant weapon
 u - 6 scrolls of teleportation
 w - 2 scrolls of brand weapon
 C - 2 scrolls of silence
 I - 6 scrolls of revelation
 R - a scroll of torment
Potions
 j - 2 potions of ambrosia
 m - 10 potions of curing
 p - 4 potions of heal wounds
 q - 3 potions of attraction
 x - 2 potions of cancellation
 D - 3 potions of lignification
 F - 2 potions of resistance
 G - a potion of enlightenment {unknown}
 N - a potion of brilliance
 X - a potion of mutation
Miscellaneous
 W - a box of beasts (inert)


   Skills:
 + Level 18.6 Fighting
 - Level 4.0(9.3) Short Blades
 - Level 13.0(13.3) Long Blades
 - Level 9.3 Throwing
 - Level 6.3 Armour
 - Level 10.0 Dodging
 - Level 9.2 Stealth
 - Level 4.3 Shields
 - Level 8.7 Invocations
 * Level 9.4 Evocations


You had 16 spell levels left.
You didn't know any spells.
Your spell library contained the following spells:

 Spells                   Type           Power      Damage    Failure   Level
 Slow                     Hex            0%         N/A       38%         1
 Blink                    Tloc           0%         N/A       52%         2
 Ensorcelled Hibernation  Hex/Ice        0%         N/A       52%         2
 Lesser Beckoning         Tloc           0%         N/A       52%         2
 Momentum Strike          Conj/Tloc      0%         3d8       52%         2
 Static Discharge         Conj/Air       0%         3-3/arc   52%         2
 Confusing Touch          Hex            0%         N/A       77%         3
 Gell's Gravitas          Tloc           0%         N/A       77%         3
 Inner Flame              Hex/Fire       0%         N/A       77%         3
 Passwall                 Erth           0%         N/A       77%         3
 Sigil of Binding         Hex            0%         N/A       77%         3
 Summon Ice Beast         Ice/Summ       0%         N/A       77%         3
 Swiftness                Air            0%         N/A       77%         3
 Teleport Other           Tloc           0%         N/A       77%         3
 Vampiric Draining        Necr           0%         2d6       77%         3
 Airstrike                Air            0%         2d(0-16)  99%         4
 Animate Armour           Summ/Erth      0%         N/A       99%         4
 Animate Dead             Necr           0%         N/A       99%         4
 Passage of Golubria      Tloc           0%         N/A       99%         4
 Summon Lightning Spire   Summ/Air       0%         N/A       99%         4
 Borgnjor's Vile Clutch   Necr/Erth      0%         N/A       100%        5
 Freezing Cloud           Conj/Ice/Air   0%         6-21      100%        5
 Irradiate                Conj/Alch      0%         3d11      100%        5
 Silence                  Hex/Air        0%         N/A       100%        5
 Death Channel            Necr           0%         N/A       100%        6
 Dispersal                Tloc           0%         N/A       100%        6
 Malign Gateway           Summ/Tloc      0%         N/A       100%        7
 Ignition                 Fire           0%         3d3       100%        8
 Lehudib's Crystal Spear  Conj/Erth      0%         10d2      100%        8
 Summon Horrible Things   Summ           0%         N/A       100%        8
 Chain Lightning          Conj/Air       0%         N/A       100%        9
 Polar Vortex             Ice            0%         N/A       100%        9


Dungeon Overview and Level Annotations

Branches:
Dungeon (15/15)            Temple (1/1) D:4            Lair (5/5) D:11
 Shoals (4/4) Lair:2       Spider (0/4) Lair:3        Slime (0/5) Lair:5
    Orc (0/2) D:9          Vaults (0/5) D:13         Depths (0/4) D:15
  IceCv (visited)

Altars:
Ashenzari
Cheibriados
Dithmenos
Fedhas
Gozag
Hepliaklqana
Kikubaaqudgha
Makhleb
Nemelex Xobeh
Okawaru
Qazlal
Ru
Sif Muna
Trog
Uskayaw
Vehumet
Wu Jian
Xom
Yredelemnul
Jiyva

Shops:
D:9 [   D:13 (

Annotations:
D:9 3 runed translucent doors, gdog's ghost, journeyman GnDe
Lair:4 3 runed translucent doors, Pomiphy's ghost, journeyman HONe
Lair:5 2 transporters, Pokonic1's ghost, journeyman TeFE
Shoals:3 Mara


Innate Abilities, Weirdness & Mutations

Your life essence is reduced to manifest your ancestor. (-10% HP)
You have hoof-like feet.
You may rarely emit foul miasma when damaged in melee.
A meltable icy envelope protects you from harm. (AC +4)
When seriously injured, your blood forms very thick armour. (AC +12)
A meltable shield of frost defends you. (SH +4)


Message History

The silver sears you!
* * * LOW HITPOINT WARNING * * *
You block the merfolk's attack.
You enter the shallow water.
Moving in this stuff is going to be slow.
The merfolk javelineer throws a silver javelin.
The silver javelin pierces through you!
* * * LOW HITPOINT WARNING * * *
The silver sears you!
* * * LOW HITPOINT WARNING * * *
The sea snake attacks as it pursues you!
The sea snake misses you. The merfolk attacks as it pursues you!
You block the merfolk's attack. You block the sea snake's attack.
The merfolk hits you from afar with a +0 trident!
* * * LOW HITPOINT WARNING * * *
The sea snake bites you.
* * * LOW HITPOINT WARNING * * *
The merfolk javelineer throws a silver javelin.
The silver javelin closely misses you.
The sea snake attacks as it pursues you!
The sea snake barely misses you. The water elemental hits you.
* * * LOW HITPOINT WARNING * * *
You block the sea snake's attack. You block the merfolk's attack.
Unknown command.
As you read the scroll of teleportation, it crumbles to dust.
You feel strangely unstable. The sea snake bites you!
* * * LOW HITPOINT WARNING * * *
You emit a cloud of foul miasma!
You block the water elemental's attack. You block the merfolk's attack.
Unknown command.
The sea snake is engulfed in dark miasma.
The sea snake is poisoned.
The sea snake bites you!
* * * LOW HITPOINT WARNING * * *
The merfolk attacks as it pursues you! You block the merfolk's attack.
Tertia hits the merfolk with a +0 quarterstaff!!
You block the water elemental's attack.
The sea snake bites you but does no damage.
The merfolk hits you from afar with a +0 trident!
You die...
Hepliaklqana delivers you to your ancestors.

~§~~.§.................~≈≈~~~~...
~......§...............P≈≈~~m~~..
....§..m...............P≈≈P~~~~~.
......................~~≈≈~~~~~..
....~~m.........R...~~~~≈≈≈≈≈~...
....~~..........m~~m~~~≈≈≈≈≈≈~...
...~~~~.........mm☼~~~≈≈≈≈≈≈~~...
..~~R~~.....÷...ES~)~≈≈≈≈≈~~~~~..
.~~~~~~~.....÷.~@~~~~≈~~~~~~~~~##
~~~......~~~~~~~~~~~~~~~~~##
##~.#..(.~~~~~~~~~~~~~~~~##.
####...(~~m~~~~~<~~~~~~##..
#~..##..~~~~~≈~~~~~~~~~###.
.≈...#~..~[~~~≈≈~~~.....##.≈ #.#.
##..~~~~~≈≈~~~.....###. . .≈
#~..~~~[~≈≈~~....m.##.. )#
##.~~~~~~≈~~~......###.


You could see the friendly Tertia the battlemage, 3 merfolk javelineers, a sea
snake (poisoned), 2 merfolk and a water elemental.

Vanquished Creatures
  Nikola (Shoals:1)
  Gastronok (Lair:3)
  Polyphemus (Shoals:3)
  Kirke (D:14)
  3 azure jellies (IceCv)
  A frost giant (Shoals:4)
  A quicksilver ooze (IceCv)
  2 dire elephants (Lair:5)
  Azrael (D:14)
  A fire dragon (Lair:5)
  7 merfolk impalers
  6 vault guards (D:13)
  3 hydras
  3 rakshasas (D:15)
  A merfolk avatar (Shoals:4)
  5 centaur warriors
  An alligator snapping turtle (Shoals:1)
  2 two-headed ogres
  A satyr (Shoals:4)
  A boulder beetle (Lair:4)
  9 death yaks
  6 sea snakes
  A skyshark (Lair:2)
  4 skeletal warriors (D:15)
  A glowing orange brain (D:15)
  13 harpies
  A deep elf pyromancer (D:14)
  2 lindwurms (Lair:5)
  2 oklob plants
  9 manticores
  4 fauns (Shoals:2)
  21 ugly things
  5 cyclopes
  5 black mambas
  3 merfolk sirens
  13 elephants (Lair:5)
  A moth of wrath (shapeshifter) (D:15)
  4 rime drakes
  A gargoyle (D:10)
  9 cane toads
  2 water nymphs (Shoals:1)
  3 torpor snails (Lair:5)
  8 komodo dragons
  A freezing wraith (D:15)
  26 merfolk
  4 trolls
  3 polar bears
  4 tyrant leeches (Lair:5)
  2 wind drakes
  17 hornets
  18 blink frogs
  6 dream sheep
  2 snapping turtles (Shoals:1)
  14 slime creatures
  3 water elementals
  50 yaks
  A wraith (D:11)
  A human (shapeshifter) (D:15)
  2 wyverns
  3 fire elementals (D:14)
  4 basilisks
  6 humans (D:13)
  A steam dragon (D:7)
  10 water moccasins
  2 great orb of eyes simulacra (IceCv)
  2 acid dragons
  A hell hound (D:14)
  A black bear (Lair:1)
  6 orc warriors
  2 ice beasts (D:7)
  6 centaurs
  6 wolves (Lair:2)
  2 ogres
  A phantom (D:4)
  A slime creature simulacrum (IceCv)
  A kobold brigand (D:10)
  Blork the orc (D:5)
  16 bullfrogs
  A gnoll sergeant (D:9)
  5 scorpions
  A glowing shapeshifter simulacrum (IceCv)
  4 wights (D:10)
  11 killer bees
  An electric eel (D:11)
  2 howler monkeys
  3 jellies
  A bombardier beetle (D:3)
  2 gnoll boudas
  4 hounds
  5 orc priests
  3 sleepcaps
  Crazy Yiuf (D:3)
  Jessica (D:3)
  7 iguanas
  Ijyb (D:3)
  15 orc wizards
  Natasha (D:3)
  8 hell rats
  Robin (D:1)
  15 gnolls
  7 adders
  2 shadow imps (D:7)
  3 white imps
  7 ribbon worms
  36 orcs
  7 endoplasms
  A giant cockroach (D:1)
  12 goblins
  8 hobgoblins
  3 jackals (D:1)
  4 quokkas (D:1)
  6 ball pythons
  A bat (D:2)
  A frilled lizard (D:1)
  12 kobolds
  6 rats
  A spectral goblin (D:7)
  A tentacle (Shoals:3)
607 creatures vanquished.

Vanquished Creatures (collateral kills)
  Jorgrun (D:14)
  Frances (D:14)
  A rockslime (IceCv)
  Nessos (D:14)
  5 merfolk impalers
  A merfolk javelineer (Shoals:1)
  2 centaur warriors
  2 hydras
  A catoblepas (Shoals:3)
  A two-headed ogre (D:11)
  A merfolk avatar (Shoals:1)
  2 boulder beetles
  2 death yaks (Shoals:3)
  A death knight (D:15)
  A vampire mage (Lair:2)
  3 skeletal warriors (D:15)
  2 sea snakes
  2 skysharks (Shoals:1)
  An arcanist (D:13)
  8 harpies
  A lindwurm (Lair:5)
  2 oklob plants
  2 cyclopes
  6 manticores
  5 ugly things
  3 merfolk sirens (Shoals:1)
  3 elephants (Lair:5)
  3 water nymphs
  2 torpor snails (Lair:5)
  4 cane toads
  An ice statue (Shoals:3)
  A rime drake (Lair:5)
  A komodo dragon (Lair:3)
  A polar bear (Lair:5)
  13 merfolk
  5 wind drakes
  A troll (D:12)
  9 dream sheep
  2 hornets
  A snapping turtle (Shoals:4)
  5 blink frogs
  6 slime creatures
  2 shadows (D:11)
  14 yaks
  A wyvern (Lair:3)
  A wraith (D:15)
  2 fire elementals (D:14)
  A human (Lair:2)
  2 basilisks
  5 vampire mosquitoes
  4 water moccasins
  3 great orb of eyes simulacra (IceCv)
  5 wolves (Lair:2)
  A centaur (D:13)
  A slime creature simulacrum (IceCv)
  3 bullfrogs
  A scorpion (Lair:1)
  A glowing shapeshifter simulacrum (IceCv)
  2 electric eels (D:11)
  2 howler monkeys (D:11)
  2 jellies (Lair:5)
  3 orc wizards
  2 hell rats
  A gnoll (D:9)
  2 ribbon worms (D:15)
  An orc (D:11)
  2 tentacles (Shoals:3)
180 creatures vanquished.

Vanquished Creatures (others)
  A centaur warrior (Shoals:1)
  A harpy (Shoals:1)
  5 humans (D:14)
  36 battlemagi
  3 ancestors
  11 tentacles (Shoals:3)
57 creatures vanquished.

Grand Total: 844 creatures vanquished

Notes
Turn   | Place    | Note
-------+----------+-------------------------------------------
     0 | D:1      | Newt the Demonspawn Gladiator began the quest for the Orb.
     0 | D:1      | Reached XP level 1. HP: 16/16 MP: 1/1
   176 | D:1      | Gained mutation: A meltable shield of frost defends you.
                  | (SH +4) [demonic ancestry]
   176 | D:1      | Reached XP level 2. HP: 13/22 MP: 2/2
   753 | D:1      | Gained mutation: When seriously injured, your blood forms
                  | armour. (AC +12) [demonic ancestry]
   753 | D:1      | Reached XP level 3. HP: 28/28 MP: 3/3
   856 | D:2      | Noticed Robin
   905 | D:1      | Killed Robin
   969 | D:1      | Reached skill level 3 in Fighting
   969 | D:1      | Reached XP level 4. HP: 33/35 MP: 4/4
  1930 | D:3      | Gained mutation: When seriously injured, your blood forms
                  | thick armour. (AC +12) [demonic ancestry]
  1930 | D:3      | Reached XP level 5. HP: 38/41 MP: 5/5
  2108 | D:3      | Reached skill level 4 in Fighting
  2108 | D:3      | Gained mutation: You have large cloven feet. [demonic
                  | ancestry]
  2108 | D:3      | Reached XP level 6. HP: 48/48 MP: 6/6
  2133 | D:3      | Noticed Ijyb
  2143 | D:3      | Paralysed by Ijyb for 5 turns
  2160 | D:3      | Killed Ijyb
  2275 | D:3      | Identified a scroll of acquirement
  2276 | D:3      | Acquired 727 gold pieces
  2302 | D:3      | Noticed Jessica
  2310 | D:3      | Killed Jessica
  2519 | D:3      | Noticed Natasha
  2530 | D:3      | Killed Natasha
  2578 | D:3      | Found a runed translucent door.
  2579 | D:3      | Noticed Crazy Yiuf
  2635 | D:3      | Found a bloodstained altar of Trog.
  2644 | D:3      | Found an ancient bone altar of Kikubaaqudgha.
  2707 | D:3      | Killed Crazy Yiuf
  2780 | D:4      | Found a staircase to the Ecumenical Temple.
  2790 | Temple   | Entered the Ecumenical Temple
  2950 | D:4      | Reached skill level 5 in Throwing
  2950 | D:4      | Reached XP level 7. HP: 55/55 MP: 7/7
  3478 | D:5      | Entered Level 5 of the Dungeon
  3481 | D:5      | Found a shadowy altar of Dithmenos.
  3504 | D:5      | Reached skill level 5 in Fighting
  3907 | D:5      | Got Dispater's Exposition on Crystalline Wounds
  4009 | D:5      | Gained mutation: A meltable icy envelope protects you from
                  | harm. (AC +4) [demonic ancestry]
  4009 | D:5      | Reached XP level 8. HP: 30/64 MP: 8/8
  4139 | D:5      | Noticed Blork the orc
  4156 | D:5      | Killed Blork the orc
  4157 | D:5      | Reached skill level 5 in Dodging
  4411 | D:5      | Reached skill level 6 in Fighting
  4538 | D:5      | Reached skill level 1 in Long Blades
  5575 | D:7      | Noticed a komodo dragon
  5595 | D:7      | Killed a komodo dragon
  5596 | D:7      | Reached skill level 7 in Fighting
  5770 | D:7      | Reached XP level 9. HP: 71/72 MP: 9/9
  5986 | D:7      | Reached skill level 5 in Long Blades
  6182 | D:7      | Found a hazy altar of Hepliaklqana.
  6196 | D:7      | Became a worshipper of Hepliaklqana the Forgotten
  6352 | D:7      | Identified the +1 leather armour "Zaym" {rF+}
  6854 | D:8      | Found a blossoming altar of Fedhas.
  7107 | D:8      | Reached skill level 8 in Fighting
  7436 | D:9      | Identified the +3 leather armour of Resourcefulness
                  | {Rampage rC- Int+3 Dex+5}
  7444 | D:9      | Noticed a troll
  7462 | D:9      | Killed a troll
  7605 | D:9      | Found a runed translucent gate.
  7605 | D:9      | Found a runed translucent gate.
  7605 | D:9      | Found a runed translucent gate.
  7782 | D:9      | Found a staircase to the Orcish Mines.
  7782 | D:9      | Reached * piety under Hepliaklqana
  7793 | D:9      | Paralysed by a hornet for 1 turns
  7795 | D:9      | Paralysed by a hornet for 1 turns
  7818 | D:9      | Reached XP level 10. HP: 29/73 MP: 7/10
  7914 | D:9      | Found Lishih Aqeme's Armour Boutique.
  7988 | D:9      | Noticed gdog's ghost (journeyman GnDe)
  8172 | D:9      | Reached skill level 9 in Fighting
  8247 | D:9      | Noticed a four-headed hydra
  8255 | D:9      | Killed a five-headed hydra
  8565 | D:10     | Entered Level 10 of the Dungeon
  8589 | D:10     | Noticed a gargoyle
  8601 | D:10     | Killed a gargoyle
  8602 | D:10     | Reached skill level 1 in Evocations
  8773 | D:10     | Found a burning altar of Makhleb.
  8776 | D:10     | Found a sacrificial altar of Ru.
  8777 | D:10     | Found a basalt altar of Yredelemnul.
  8778 | D:10     | Found an iron altar of Okawaru.
  8778 | D:10     | Noticed a two-headed ogre
  8779 | D:10     | Found a shimmering altar of Xom.
  8779 | D:10     | Found an opulent altar of Gozag.
  8809 | D:10     | Killed a two-headed ogre
  8814 | D:10     | Reached skill level 10 in Fighting
  8814 | D:10     | Reached skill level 5 in Evocations
  8968 | D:10     | Found an ornate altar of the Wu Jian Council.
  9148 | D:10     | Reached XP level 11. HP: 81/81 MP: 11/11
  9596 | D:11     | Found an opulent altar of Gozag.
  9615 | D:11     | Reached ** piety under Hepliaklqana
  9616 | D:11     | Remembered your ancestor Tertia as a battlemage
  9705 | D:11     | Noticed an oklob plant
  9862 | D:11     | Reached skill level 1 in Shields
  9950 | D:11     | Found a staircase to the Lair.
  9951 | D:11     | Noticed an oklob plant
  9963 | D:11     | Killed an oklob plant
  9967 | D:11     | Killed an oklob plant
 10052 | D:11     | Noticed a two-headed ogre
 10059 | D:11     | Killed a two-headed ogre
 10196 | D:11     | Reached skill level 11 in Fighting
 10467 | D:11     | Found an ornate altar of the Wu Jian Council.
 10485 | D:11     | Reached skill level 1 in Armour
 10936 | D:12     | Noticed a centaur warrior
 10946 | D:12     | Killed a centaur warrior
 11103 | D:12     | Noticed a red ugly thing
 11114 | D:12     | Killed a red ugly thing
 11223 | D:12     | Noticed a cyan ugly thing
 11230 | D:12     | Killed a cyan ugly thing
 11340 | D:12     | Reached *** piety under Hepliaklqana
 11355 | D:12     | Noticed a boulder beetle
 11366 | D:12     | Killed a boulder beetle
 11367 | D:12     | Reached XP level 12. HP: 85/90 MP: 9/12
 11490 | D:12     | Noticed a two-headed ogre
 11500 | D:12     | Killed a two-headed ogre
 11501 | D:12     | Reached skill level 5 in Armour
 11819 | D:13     | Reached skill level 12 in Fighting
 11856 | D:13     | Noticed a boulder beetle
 11869 | D:13     | Killed a boulder beetle
 11937 | D:13     | Noticed a centaur warrior
 11945 | D:13     | Killed a centaur warrior
 11967 | D:13     | Noticed a vault guard
 11967 | D:13     | Noticed a vault guard
 11967 | D:13     | Noticed a vault guard
 11968 | D:13     | Noticed a vault guard
 11969 | D:13     | Noticed a vault guard
 11969 | D:13     | Noticed a vault guard
 11999 | D:13     | Killed a vault guard
 12009 | D:13     | Killed a vault guard
 12018 | D:13     | Killed a vault guard
 12023 | D:13     | Killed a vault guard
 12029 | D:13     | Killed a vault guard
 12048 | D:13     | Killed a vault guard
 12056 | D:13     | Reached skill level 10 in Long Blades
 12154 | D:13     | Reached skill level 13 in Fighting
 12307 | D:13     | Found Ilefocs's Antique Weapon Shoppe.
 12315 | D:13     | Bought a glowing long sword for 221 gold pieces
 12332 | D:13     | Found a gate to the Vaults.
 12574 | D:14     | Noticed Jorgrun
 12585 | D:14     | Noticed Kirke
 12635 | D:14     | Found a shimmering blue altar of Sif Muna.
 12640 | D:14     | Killed Jorgrun
 12726 | D:14     | Gained mutation: When seriously injured, your blood forms
                  | very thick armour. (AC +12) [demonic ancestry]
 12726 | D:14     | Reached XP level 13. HP: 99/99 MP: 13/13
 12749 | D:14     | Noticed Nessos
 12780 | D:14     | Killed Nessos
 12865 | D:14     | Noticed Frances
 12878 | D:14     | Killed Frances
 13005 | D:14     | Killed Kirke
 13316 | D:14     | Reached skill level 14 in Fighting
 13709 | D:14     | Noticed Azrael
 13717 | D:14     | Killed Azrael
 13989 | D:15     | Entered Level 15 of the Dungeon
 14039 | D:15     | Reached **** piety under Hepliaklqana
 14337 | D:15     | Reached skill level 1 in Invocations
 14420 | D:15     | Reached XP level 14. HP: 67/108 MP: 15/15
 14778 | D:15     | Reached skill level 5 in Invocations
 14905 | D:15     | Found a staircase to the Depths.
 15446 | Lair:1   | Entered Level 1 of the Lair of Beasts
 15453 | Lair:1   | Reached skill level 15 in Fighting
 16159 | Lair:2   | Found a staircase to the Shoals.
 16170 | Lair:2   | Reached skill level 1 in Stealth
 16191 | Lair:2   | Reached ***** piety under Hepliaklqana
 16752 | Lair:2   | Found a runed translucent door.
 17190 | Lair:3   | Reached skill level 5 in Stealth
 17316 | Lair:3   | Found a hole to the Spider Nest.
 17505 | Lair:3   | Noticed Gastronok
 17526 | Lair:3   | Killed Gastronok
 18007 | Lair:4   | Found a runed translucent gate.
 18313 | Lair:4   | Gained mutation: You may rarely emit foul miasma when
                  | damaged in melee. [demonic ancestry]
 18313 | Lair:4   | Reached XP level 15. HP: 108/115 MP: 21/21
 18660 | Lair:4   | Found a runed translucent gate.
 18661 | Lair:4   | Found a runed translucent gate.
 18663 | Lair:4   | Noticed Pomiphy's ghost (journeyman HONe)
 19074 | Lair:5   | Entered Level 5 of the Lair of Beasts
 19089 | Lair:5   | Reached skill level 16 in Fighting
 19204 | Lair:5   | Found a viscous altar of Jiyva.
 19204 | Lair:5   | Found a staircase to the Slime Pits.
 19557 | Lair:5   | HP: 4/118 [dire elephant (26)]
 19920 | Lair:5   | Found a transporter.
 20056 | Lair:5   | Noticed Pokonic1's ghost (journeyman TeFE)
 20220 | Lair:5   | Found a transporter.
 20319 | Lair:5   | Paralysed by a hornet for 3 turns
 20657 | Lair:5   | Found the +1 robe of Vines {NoPotionHeal Regen++++}
 20860 | Lair:5   | Reached ****** piety under Hepliaklqana
 21183 | Shoals:1 | Entered Level 1 of the Shoals
 21196 | Lair:2   | Reached skill level 17 in Fighting
 21492 | Shoals:1 | Gained mutation: You have hoof-like feet. [demonic
                  | ancestry]
 21492 | Shoals:1 | Reached XP level 16. HP: 61/126 MP: 22/22
 21558 | Shoals:1 | Reached skill level 10 in Dodging
 21630 | Shoals:1 | Noticed Nikola
 21686 | Shoals:1 | Killed Nikola
 23037 | Shoals:3 | Noticed Polyphemus
 23050 | Shoals:3 | Killed Polyphemus
 23092 | Shoals:3 | Found a glacial archway.
 23162 | IceCv    | Entered an ice cave
 23207 | IceCv    | Reached skill level 18 in Fighting
 23311 | IceCv    | Found a viscous altar of Jiyva.
 23519 | IceCv    | Got the ring of Keboj {rC+ Str+2 Int+2 Dex+3 Stlth+}
 23521 | IceCv    | Got the Discursus on Frost
 23793 | Shoals:3 | Noticed a kraken
 23800 | Shoals:3 | Noticed a kraken
 24015 | Shoals:4 | Entered Level 4 of the Shoals
 24218 | Shoals:4 | Reached XP level 17. HP: 97/135 MP: 23/23
 24369 | Shoals:3 | Noticed a kraken
 24369 | Shoals:3 | Noticed Mara
 24724 | Shoals:4 | HP: 4/135 [sea snake (16)]
 24724 | Shoals:4 | Mangled by a merfolk

Illustrated notes

Levels and vault maps discovered:
D:1:      sevenhm_arrival_forest_fort_small_3, layout_basic,
          minmay_misc_feat_alley
D:2:      layout_basic, uniq_robin
D:3:      layout_rooms, mainiacjoe_overflow_swirl,
          minmay_fractal_squares_diagonal_5, uniq_jessica, uniq_natasha,
          uniq_ijyb, uniq_crazy_yiuf_cottage
D:4:      layout_basic, minmay_temple_entry_stoned_glass
D:5:      layout_basic, mainiacjoe_overflow_brackets,
          serial_library_regret_index_headful, uniq_blork_the_orc
D:6:      layout_basic
D:7:      kennysheep_spiral_hall, layout_loops_ring,
          nicolae_hepliaklqana_monster_ancestors, zin_statuary
D:8:      layout_loops_ring, fedhas_altar_3
D:9:      layout_basic, orc_david_3, ebering_ghost_rock_garden,
          serial_library_hellmonk_hallway_b, kennysheep_generic_room_6
D:10:     layout_loops_ring, nicolae_overflow_crystal_walls, bloody_makhleb,
          grunt_temple_overflow_open, hangedman_abyss_or_decor_lesser_grid,
          kennysheep_flooded_box
D:11:     layout_basic, dpeg_oklobed_lair, hangedman_feature_mirror
D:12:     layout_irregular_city
D:13:     layout_roguey, ximxim_vaults_locker_room, serial_shops,
          nicolae_shop_competitors_out_of_business
D:14:     layout_loops_ring, led_sif_pool, uniq_jorgrun, uniq_azrael,
          uniq_kirke, uniq_nessos, uniq_frances
D:15:     gammafunk_enter_depths_forms, layout_loops_corners, hive_lemuel
Temple:   chequers_temple_sunken
Lair:1:   layout_chaotic_city, infiniplex_staircase_pool
Lair:2:   layout_cave_pods, shoals_dummy_entry, pdpol_lair_cabin_in_the_woods
Lair:3:   layout_chaotic_city, spider_nest_entry_web_field,
          chequers_serial_rivers_micro_c, serial_bayou_shore_b,
          grunt_megastairs_5, infiniplex_staircase_pool_2, uniq_gastronok
Lair:4:   layout_cave_pods, ebering_ghost_rock_garden
Lair:5:   hangedman_lair_in_review, layout_regular_city, wormcave,
          minmay_slime_entry_pillars, gammafunk_ghost_wrathful_warriors,
          hellmonk_guarded_unrand_vines
Shoals:1: layout_shoals, uniq_nikola
Shoals:2: layout_shoals
Shoals:3: nicolae_shoals_lighthouse, layout_shoals,
          portal_ice_cave_entry_ice_statue_one, uniq_polyphemus, uniq_mara
Shoals:4: shoals_end_grunt_ice, layout_shoals

Skill      XL: |  1  2  3  4  5  6  7  8  9 10 11 12 13 14 15 16 17 |
---------------+----------------------------------------------------+-----
Short Blades   | 3 4 |  4.0
Fighting       | 3 4 5 7 8 10 11 13 14 15 17 18 | 18.6
Throwing       | 2 3 5 9 |  9.3
Dodging        | 4 5 6 9 10 | 10.0
Long Blades    | 4 7 10 13 | 13.0
Evocations     | 5 7 9 |  9.4
Shields        | 4 |  4.3
Armour         | 4 6 |  6.3
Invocations    | 2 8 |  8.7
Stealth        | 6 9 |  9.2

Action                     |  1- 3 |  4- 6 |  7- 9 | 10-12 | 13-15 | 16-18 || total
---------------------------+-------+-------+-------+-------+-------+-------++-------
  Melee: Rapier            |   140 |    34 |       |       |       |       ||   174
         Dagger            |       |   200 |   193 |       |    20 |       ||   413
         Kick              |       |    24 |     7 |       |       |       ||    31
         Long sword        |       |       |   382 |   555 |  1366 |   703 ||  3006
  Throw: Throwing net      |       |     3 |     3 |       |     1 |       ||     7
         Javelin           |       |       |     4 |     1 |     1 |     1 ||     7
         Boomerang         |       |       |       |    44 |    26 |    57 ||   127
         Dart              |       |       |       |     9 |     4 |     2 ||    15
 Invoke: Recall Ancestor   |       |       |       |     1 |       |     2 ||     3
         Ancestor Life: Ba |       |       |       |     1 |       |       ||     1
  Evoke: Wand              |       |       |    10 |     9 |    12 |     7 ||    38
         Box of beasts     |       |       |       |       |     1 |     2 ||     3
    Use: Scroll            |     3 |     5 |     6 |     4 |    19 |    11 ||    48
         Potion            |       |       |       |     3 |     4 |     4 ||    11
   Stab: Sleeping          |       |     1 |     1 |     1 |    15 |     3 ||    21
         Held in net/web   |       |       |     1 |       |       |       ||     1
         Paralysed         |       |       |     8 |     5 |     4 |       ||    17
         Invisible         |       |       |       |     3 |       |       ||     3
         Distracted        |       |       |       |     3 |    21 |    20 ||    44
 Armour: Leather armour    |    69 |    99 |   303 |    76 |   634 |       ||  1181
         Troll leather arm |       |       |    58 |   217 |       |       ||   275
         Robe              |       |       |       |       |    67 |   573 ||   640
  Dodge: Dodged            |    84 |    93 |   246 |   232 |   681 |   527 ||  1863
  Block: Other             |     9 |       |       |       |       |       ||     9
         Buckler           |    33 |   103 |   317 |   292 |   733 |   543 ||  2021
         Reflection        |       |       |       |       |       |     8 ||     8

Table legend: (Time is in decaauts)
 A = Elapsed time spent in this place.
 B = Non-inter-level travel time spent in this place.
 C = Inter-level travel time spent in this place.
 D = Time resting spent in this place.
 E = Time spent auto-exploring this place.
 F = Levels seen in this place.
 G = Mean time per level.
                   A        B        C        D        E       F      G
               +--------+--------+--------+--------+--------+-----+--------+
         Total |  24553 |  23579 |    974 |   2931 |  14434 |  26 |  944.3 |
       Dungeon |  15394 |  14784 |    610 |   1736 |   9681 |  15 | 1026.3 |
        Temple |      1 |      1 |      0 |      0 |      0 |   1 |    1.0 |
          Lair |   5748 |   5498 |    250 |    757 |   3499 |   5 | 1149.6 |
        Shoals |   2998 |   2884 |    114 |    389 |   1253 |   4 |  749.5 |
      Ice Cave |    410 |    410 |      0 |     48 |      1 |   1 |  410.0 |
               +--------+--------+--------+--------+--------+-----+--------+

Top non-repeatable levels by time:
  Lair:5: 1981 daAuts
    D:14: 1444 daAuts
    D:11: 1405 daAuts
     D:7: 1373 daAuts
    D:15: 1311 daAuts
     D:5: 1179 daAuts
  Lair:2: 1156 daAuts
     D:9: 1154 daAuts
  Lair:4: 1064 daAuts
Shoals:1: 1037 daAuts
    D:10: 1007 daAuts
     D:3: 973 daAuts
     D:1: 960 daAuts
  Lair:3: 898 daAuts
    D:12: 871 daAuts
